 Dungeon Crawl Stone Soup version 0.17-a0-1738-g82cdc46 (webtiles) character file.

31 JEM123 the Sneak (level 3, 0/19 HPs)
             Began as a Kobold Enchanter on Aug 29, 2015.
             Slain by an adder (1 damage)
             ... on level 2 of the Dungeon on Aug 31, 2015.
             The game lasted 00:08:12 (1271 turns).

JEM123 the Sneak (Kobold Enchanter)                 Turns: 1271, Time: 00:08:42

Health: 0/19       AC:  3    Str:  6    XL:     3   Next: 40%
Magic:  5/6        EV: 15    Int: 14    God:
Gold:   124        SH:  0    Dex: 16    Spells: 2 memorised, 2 levels left

rFire  . . .     SeeInvis .     a - +1 dagger
rCold  . . .     Clarity  .     b - +1 robe
rNeg   . . .     SustAt   .     (shield restricted)
rPois  .         Gourm    .     (no helmet)
rElec  .         Spirit   .     (no cloak)
rCorr  .         Warding  .     (no gloves)
rMut   .         Stasis   .     (no boots)
MR     .....                    (no amulet)
Stlth  +++.......               (no ring)
                                (no ring)

@: lethally poisoned (0 -> -9), flying, not resistant to hostile enchantments,
fairly stealthy
A: carnivore 3
a: no special abilities


You were on level 2 of the Dungeon.
You were not hungry.

You visited 1 branch of the dungeon, and saw 3 of its levels.

You collected 124 gold pieces.

Inventory:

Hand weapons
 a - a +1 dagger (weapon)
 g - a +0 hunting sling
Missiles
 n - 6 tomahawks (quivered)
Armour
 b - a +1 robe (worn)
 j - a +0 buckler
Scrolls
 e - a scroll of enchant armour {unknown}
 i - a scroll of identify {unknown}
 k - 3 scrolls of immolation {unknown}
 m - 2 scrolls of teleportation {unknown}
 o - a scroll of random uselessness {unknown}
Potions
 f - a potion of mutation {unknown}
 l - 2 potions of flight
 q - a potion of agility {unknown}
Books
 c - a book of Maledictions

   Spells                             Type                      Level
   a - Corona                         Hexes                        1
   b - Ensorcelled Hibernation        Hexes/Ice                    2
   c - Confuse                        Hexes                        3
   d - Tukima's Dance                 Hexes                        3
   e - Dazzling Spray                 Conjuration/Hexes            3
Comestibles
 d - a meat ration
 h - 2 beef jerkies
 p - a chunk of flesh


   Skills:
 - Level 2.0 Short Blades
 - Level 2.4 Dodging
 + Level 4.4 Stealth
 - Level 2.0 Spellcasting
 * Level 3.8 Hexes


You had 2 spell levels left.
You knew the following spells:

 Your Spells              Type           Power        Failure   Level  Hunger
a - Corona                Hex            ##.....      6%          1    ##.....
b - Confuse               Hex            ##......     17%         3    ####...


Dungeon Overview and Level Annotations

Branches:
Dungeon (3/15)

Altars:


Innate Abilities, Weirdness & Mutations

You are small and have problems with some larger weapons.
You are carnivorous and can eat meat at any time.


Message History

* * * LOW HITPOINT WARNING * * *
You are lethally poisoned!
The adder poisons you!
The kobold throws a stone.
The stone hits you but does no damage.
You are too injured to fight recklessly!
You are too injured to fight recklessly!
You hit the adder but do no damage.
The adder is severely wounded.
The adder bites you.
* * * LOW HITPOINT WARNING * * *
The kobold throws a stone.
The stone hits you but does no damage.
Drink which item? (? for menu, Esc to quit)
It was a potion of flight.
You feel very buoyant.
You fly up into the air.
* * * LOW HITPOINT WARNING * * *
You feel sick.
The adder stops glowing.
The adder barely misses you.
The kobold throws a stone.
The stone completely misses you. The adder bites you.
You die...

....# ####.#...###
##....## ..##.........
##......###............
.......(.............[.
........#.#..####......
#.....#......###...#.#
#......#.....####...#
######S.....##.(.##.#.#
.##.....@####.####....#..
.......<.## #....#....###
.#.###....# ####.......##
# #...##.# ###........
###.###.##.# #..........
.........#.#####.###......
.........#.#..............
###.###...K..####.##......
.. #........)..###.....


You could see an adder and a kobold.

Vanquished Creatures
  An ooze (D:1)
  A ball python (D:1)
  2 bats (D:1)
  4 hobgoblins (D:1)
  3 kobolds (D:1)
  A quokka (D:3)
  5 giant newts
  5 goblins
  6 rats
28 creatures vanquished.

Notes
Turn   | Place    | Note
--------------------------------------------------------------
     0 | D:1      | JEM123 the Kobold Enchanter began the quest for the Orb.
     0 | D:1      | Reached XP level 1. HP: 10/10 MP: 3/3
   196 | D:1      | Reached XP level 2. HP: 15/15 MP: 5/5
   652 | D:1      | Reached XP level 3. HP: 19/19 MP: 4/6
  1068 | D:2      | Upgraded the game from 0.17-a0-1731-g129c023 to 0.17-a0-1738-g82cdc46
  1105 | D:2      | Learned a level 3 spell: Confuse
  1271 | D:2      | Slain by an adder

Vault maps used:
D:1:      enne_arrival_octagon_isle, minmay_misc_feat_five
D:2:      nicolae_overflow_quartered_altars, minmay_misc_feat_nine_boxes
D:3:      first_bread, kennysheep_nondescript, dk_noncrumbling_4, uniq_grinder

Action                   || total
-------------------------++-------
Melee: Dagger            ||    62
 Cast: Corona            ||    18
  Use: Potion            ||     1
 Stab: Sleeping          ||    11
  Eat: Chunk             ||     3
